 Dungeon Crawl Stone Soup version 0.13-a0-2477-geaae114 (webtiles) character file.

243 Rycklaryybbe the Poker (level 5, -4/44 HPs)
             Began as a Demonspawn Gladiator on July 19, 2013.
             Slain by a gnoll
             ... wielding a +1,+2 whip of reaching
              (7 damage)
             ... on Level 3 of the Dungeon.
             The game lasted 00:06:07 (2287 turns).

Rycklaryybbe the Poker (Demonspawn Gladiator)       Turns: 2287, Time: 00:06:07

HP  -4/44        AC  3     Str 14      XL: 5   Next:  2%
MP   4/4         EV 12     Int 10      God:
Gold 103         SH  0     Dex 15      Spells:  0 memorised,  4 levels left

Res.Fire  : . . .   See Invis. : .   a - +0 trident
Res.Cold  : + . .   Warding    : .   b - +0 leather armour
Life Prot.: . . .   Conserve   : .   (no shield)
Res.Poison: .       Res.Corr.  : .   (helmet restricted)
Res.Elec. : .       Clarity    : .   (no cloak)
Sust.Abil.: . .     Spirit.Shd : .   (no gloves)
Res.Mut.  : .       Stasis     : .   (no boots)
Res.Rott. : .       Flight     : .   (no amulet)
Saprovore : . . .                    (no ring)
                                     (no ring)

@: slightly resistant to hostile enchantments, unstealthy
A: horns 1, cold resistance 1, fast metabolism 1, +10% hp, Str -1, Dex +1
a: no special abilities


You were on level 3 of the Dungeon.
You were not hungry.

You visited 1 branch of the dungeon, and saw 3 of its levels.

You collected 83 gold pieces.

Inventory:

Hand weapons
 a - a +0,+0 trident (weapon)
Missiles
 d - a throwing net (quivered)
 x - a throwing net [torn]
Armour
 b - a +0 leather armour (worn)
 c - a +0 helmet
Comestibles
 f - a bread ration
 g - a choko
 i - 2 meat rations
 q - a pear
 u - an apple
 v - a banana
 w - 2 rotting chunks of gnoll flesh
 z - 3 rotting chunks of gnoll flesh
Scrolls
 e - 2 scrolls of enchant armour {unknown}
 h - 2 scrolls of recharging {unknown}
 j - a scroll of enchant weapon I {unknown}
 p - 2 scrolls of teleportation {unknown}
 r - 3 scrolls of identify {unknown}
 s - a scroll of noise {unknown}
 t - a scroll of fear {unknown}
Potions
 k - a potion of confusion {unknown}
 l - 2 potions of might {unknown}
 m - a potion of curing {unknown}
 n - a potion of slowing {unknown}
 o - a potion of magic


   Skills:
 - Level 2.0 Fighting
 + Level 5.2 Polearms
 - Level 1.7 Throwing
 - Level 2.6 Dodging


You had 4 spell levels left.
You didn't know any spells.

Dungeon Overview and Level Annotations

Branches:
Dungeon (3/27)

Altars:


Innate Abilities, Weirdness & Mutations

You have a pair of small horns on your head.
Your flesh is cold resistant.
You have a fast metabolism.
Your muscles are flexible, but weak (Str -1, Dex +1).
You are robust (+10% HP).


Message History

Okay, then.
Drink which item? (? for menu, Esc to quit)
Okay, then.
Found 11 stones.
Throwing (i - inventory. (,) - cycle):
y - an uncursed spear (quivered)
Press: ? - help, Shift-Dir - straight line, f/p - gnoll
Aim: a gnoll, wielding a whip of reaching (heavily wounded)
You throw an uncursed spear. The uncursed spear hits the gnoll.
The gnoll is heavily wounded.
The gnoll hits you from afar with a whip of reaching!
* * * LOW HITPOINT WARNING * * *
Throwing (i - inventory. (,) - cycle):
d - 2 throwing nets (quivered)
Press: ? - help, Shift-Dir - straight line, f/p - gnoll
Aim: a gnoll, wielding a whip of reaching (heavily wounded)
You throw a throwing net. The throwing net hits the gnoll.
The gnoll is caught in the net!
The gnoll is heavily wounded.
The gnoll struggles to escape the net.
The gnoll hits you from afar with a whip of reaching!
You die...

. #.# #.. #.#####
###.#... ...#..
######.#.#######.
#.................
#.>....g.@.......(
#...).g###.##.....
#.....(..#.# .
#......#g#..
##.##<##g#.## ..
#...#.#.# #
#...#.#.# #
#.%.#.#.##.#.#
#...#.#...$..#


You could see 2 gnolls.

Vanquished Creatures
  7 gnolls
  An adder (D:2)
  2 worms (D:2)
  2 giant geckos
  4 giant cockroaches
  5 goblins
  3 hobgoblins (D:1)
  6 jackals
  6 kobolds
  A quokka (D:2)
  2 bats
  3 giant newts
  13 rats
55 creatures vanquished.

Notes
Turn   | Place    | Note
--------------------------------------------------------------
     0 | D:1      | Rycklaryybbe, the Demonspawn Gladiator, began the quest for the Orb.
     0 | D:1      | Reached XP level 1. HP: 17/17 MP: 0/0
   193 | D:1      | Reached skill level 3 in Polearms
   303 | D:1      | Gained mutation: You have a pair of small horns on your head. [demonic ancestry]
   303 | D:1      | Reached XP level 2. HP: 23/23 MP: 1/1
   932 | D:1      | Reached XP level 3. HP: 26/28 MP: 2/2
  1386 | D:2      | Reached skill level 4 in Polearms
  1433 | D:2      | HP: 1/28 [poisoned by an adder]
  1821 | D:2      | Gained mutation: Your muscles are flexible, but weak (Str -1, Dex +1). [potion of mutation]
  1821 | D:2      | Gained mutation: You have a fast metabolism. [potion of mutation]
  1821 | D:2      | Gained mutation: You evolve. [potion of mutation]
  1862 | D:2      | Gained mutation: You are robust (+10% HP). [evolution]
  1862 | D:2      | Lost mutation: You evolve. [end of evolution]
  1954 | D:2      | Reached XP level 4. HP: 16/38 MP: 3/3
  2083 | D:2      | Reached skill level 5 in Polearms
  2276 | D:3      | Gained mutation: Your flesh is cold resistant. [demonic ancestry]
  2276 | D:3      | Reached XP level 5. HP: 39/44 MP: 4/4
  2286 | D:3      | HP: 2/44 [gnoll/whip of reaching (7)]
  2287 | D:3      | Slain by a gnoll

Action                   |  1- 3 |  4- 6 || total
-------------------------+-------+-------++-------
Melee: Trident           |   160 |    33 ||   193
Throw: Spear             |       |     3 ||     3
       Throwing net      |       |     2 ||     2
  Use: Potion            |     4 |       ||     4
 Stab: Sleeping          |     1 |       ||     1
